 Dungeon Crawl Stone Soup version 0.22.1-1-ga44c0e5 (webtiles) character file.

45116 nixmar the Bludgeoner (level 14, -6/96 HPs)
             Began as a Gargoyle Fighter on Oct 21, 2018.
             Was the Champion of Okawaru.
             Mangled by a titanic slime creature (58 damage)
             ... on level 12 of the Dungeon on Oct 22, 2018.
             The game lasted 01:16:57 (19540 turns).

nixmar the Bludgeoner (Gargoyle Fighter)           Turns: 19540, Time: 01:16:58

Health: -6/96      AC: 33    Str: 24    XL:     14   Next: 31%
Magic:  0/23       EV:  4    Int: 10    God:    Okawaru [******]
Gold:   1094       SH: 23    Dex:  9    Spells: 13/13 levels left

rFire    + . .     SeeInvis .   B - +6 morningstar (crush)
rCold    . . .     Gourm    .   A - +5 large shield
rNeg     + . .     Faith    .   M - +0 plate armour
rPois    ∞         Spirit   +   l - +0 helmet
rElec    +         Reflect  .   G - scarf {repulsion}
rCorr    .         Harm     .   H - +2 pair of gloves
MR       ++...                  S - +2 pair of boots {Fly} {god gift}
Stlth    ..........             f - amulet of guardian spirit
HPRegen  0.26/turn              b - ring "Oreatyij" {MR+ MP+9 Stlth+}
MPRegen  0.18/turn              i - ring of protection from fire

@: flying, repel missiles
A: big wings, negative energy resistance 1, electricity resistance, unbreathing,
petrification resistance, rot immunity, AC +10
a: Stop Flying, Heroism, Finesse, Renounce Religion


You were on level 12 of the Dungeon.
You worshipped Okawaru.
Okawaru was exalted by your worship.
You were not hungry.

You visited 2 branches of the dungeon, and saw 18 of its levels.
You also visited: Sewer.

You collected 1454 gold pieces.
You spent 360 gold pieces at shops.

Inventory:

Hand Weapons
 w - a +0 blowgun {@w1}
 B - a +6 morningstar of crushing (weapon)
Missiles
 s - 13 javelins {@Q2}
 J - 7 javelins of returning {god gift, @Q2}
 K - 4 poisoned javelins (quivered) {god gift, @Q2}
Armour
 l - a +0 helmet (worn)
 A - a +5 large shield (worn)
 G - a scarf of repulsion (worn)
 H - a +2 pair of gloves (worn)
 M - a +0 plate armour (worn)
 S - a +2 pair of boots of flying (worn) {god gift}
Jewellery
 b - the ring "Oreatyij" (left hand) {MR+ MP+9 Stlth+}
   (You found it on level 9 of the Dungeon)

   [ring of magical power]

   It affects your resistance to hostile enchantments.
   It affects your magic capacity (+9).
   It makes you more stealthy.
 f - an amulet of guardian spirit (around neck)
 i - a ring of protection from fire (right hand)
 r - an uncursed amulet of regeneration
Wands
 c - a wand of disintegration (7)
 t - a wand of flame (70) {@v6}
 u - a wand of paralysis (9) {@v7}
 v - a wand of digging (32) {@v1}
Scrolls
 g - 5 scrolls of immolation {!r}
 j - 9 scrolls of identify {@r1}
 m - 3 scrolls of blinking
 n - 3 scrolls of teleportation {@r4}
 p - 8 scrolls of remove curse {@r2}
 z - 5 scrolls of fear
 E - 4 scrolls of magic mapping
 R - 5 scrolls of fog
Potions
 a - 8 potions of curing {@q1}
 h - a potion of ambrosia
 k - 2 potions of mutation {!q}
 o - a potion of cancellation
 q - 3 potions of agility
 x - a potion of magic
 y - a potion of berserk rage
 C - a potion of resistance {@q6}
 D - 4 potions of brilliance
 F - 4 potions of might {@q4}
 I - 3 potions of flight
 O - a potion of heal wounds {@q2}
 P - a potion of haste {@q3}
 U - 2 potions of invisibility
Comestibles
 e - 40 rations {!d}
 T - 22 chunks of flesh


   Skills:
 + Level 14.4 Fighting
 * Level 15.0 Maces & Flails
 + Level 11.2 Armour
 + Level 11.2 Shields


You had 13 spell levels left.
You didn't know any spells.
Your spell library contained the following spells:

 Spells                   Type           Power        Failure   Level  Hunger
 Animate Skeleton         Necr           N/A          100%        1    ##.....
 Apportation              Tloc           #.....       100%        1    ##.....
 Confusing Touch          Hex            #.....       100%        1    ##.....
 Corona                   Hex            #......      100%        1    ##.....
 Flame Tongue             Conj/Fire      #....        100%        1    ##.....
 Shock                    Conj/Air       #...         100%        1    ##.....
 Summon Small Mammal      Summ           #...         100%        1    ##.....
 Call Imp                 Summ           #.......     100%        2    ###....
 Ensorcelled Hibernation  Hex/Ice        #.....       100%        2    ###....
 Slow                     Hex            #.......     100%        2    ###....
 Swiftness                Chrm/Air       #.......     100%        2    ###....
 Throw Flame              Conj/Fire      #.....       100%        2    ###....
 Call Canine Familiar     Summ           #.......     100%        3    ####...
 Confuse                  Hex            #.......     100%        3    ####...
 Conjure Flame            Conj/Fire      #.......     100%        3    ####...
 Dazzling Spray           Conj/Hex       #.....       100%        3    ####...
 Inner Flame              Hex/Fire       #.......     100%        3    ####...
 Portal Projectile        Hex/Tloc       #.....       100%        3    ####...
 Recall                   Summ/Tloc      N/A          100%        3    ####...
 Static Discharge         Conj/Air       #.......     100%        3    ####...
 Summon Guardian Golem    Hex/Summ       #.......     100%        3    ####...
 Tukima's Dance           Hex            #.......     100%        3    ####...
 Airstrike                Air            #.........   100%        4    #####..
 Animate Dead             Necr           N/A          100%        4    #####..
 Cause Fear               Hex            #.........   100%        4    #####..
 Leda's Liquefaction      Hex/Erth       #.........   100%        4    #####..
 Sticky Flame             Conj/Fire      #.......     100%        4    #####..
 Summon Ice Beast         Ice/Summ       #.......     100%        4    #####..
 Summon Lightning Spire   Summ/Air       #.......     100%        4    #####..
 Borgnjor's Vile Clutch   Necr/Erth      #.........   100%        5    ######.
 Fireball                 Conj/Fire      #.........   100%        5    ######.
 Lightning Bolt           Conj/Air       #.........   100%        5    ######.
 Death Channel            Necr           #.........   100%        6    #######
 Simulacrum               Ice/Necr       #.........   100%        6    #######


Dungeon Overview and Level Annotations

Branches:
Dungeon (12/15)            Temple (0/1) D:4            Lair (6/6) D:11
  Swamp (0/4) Lair:3       Spider (0/4) Lair:4        Slime (0/5) Lair:5
    Orc (0/2) D:12

Altars:
Dithmenos
Kikubaaqudgha
Nemelex Xobeh
Okawaru
Qazlal
Vehumet

Shops:
D:5 [


Innate Abilities, Weirdness & Mutations

You are resistant to torment.
Your stone body is resilient. (AC +10)
You are immune to poison.
Your large and strong wings let you fly indefinitely.
You resist negative energy. (rN+)
You are resistant to electric shocks. (rElec)
You can survive without breathing.
You are immune to petrification.
You are immune to rotting.


Message History

Items here: (( ) ÷ a stone; an uncursed shortbow; 10 arrows; a centaur skeleton You butcher the centaur corpse.
T - 22 chunks of flesh (gained 4)
Things that are here:
an uncursed shortbow; an arrow
Things that are here:
an uncursed shortbow; an arrow
I - 3 potions of flight (gained 1)
Things that are here:
an uncursed shortbow; an arrow
Items here: (( ) ÷ a stone; an uncursed shortbow; 10 arrows; a centaur skeleton
There is a stone staircase leading up here.
Items here: ((( ) a whip of electrocution; 2 poisoned needles; 7 stones {@Q3}; 24 arrows
Items here: (( )) † a dagger; a stone; 2 arrows; a dagger; a kobold corpse You see here an arrow.
You now have 1094 gold pieces (gained 16).
j - 9 scrolls of identify {@r1} (gained 1) 2 slime creatures come into view.
The slime creature quivers. x2
A shadow comes into view.
Found a stone staircase leading down.
A slime creature comes into view.
The slime creature quivers.
Found a staircase to the Orcish Mines.
The shadow slips into darkness.
The shadow flickers and vanishes!
Deactivating autopickup; reactivate with Ctrl-A.
Two slime creatures merge to form a large slime creature.
You hit the large slime creature.
The large slime creature is lightly wounded.
You bludgeon the large slime creature!!
The large slime creature is heavily wounded.
You hear a howl! x2
You block the large slime creature's attack.
You perforate the large slime creature like a sieve!!!
The large slime creature is severely wounded.
A slime creature comes into view.
The large slime creature hits you.
A slime creature comes into view.
You take 5 damage, and have 91/96 hp.
You now have 22/23 mp.
You puncture the large slime creature!
The large slime creature is almost dead.
You block the large slime creature's attack.
A howler monkey comes into view.
You completely miss the large slime creature.
The large slime creature is almost dead.
Two slime creatures merge to form a very large slime creature.
You puncture the very large slime creature!
The very large slime creature is severely wounded.
The howler monkey hoots and howls with incredible vigour!
You hear a shout!
You hear a bark!
You barely miss the very large slime creature.
The very large slime creature is severely wounded.
You block the very large slime creature's attack.
You puncture the very large slime creature!
The very large slime creature is severely wounded.
Your shield and plate armour prevent you from hitting the very large slime The very large slime creature is severely wounded.
You block the very large slime creature's attack.
Two slime creatures merge to form a large slime creature.
You hit the very large slime creature.
The very large slime creature is almost dead.
Two slime creatures merge to form a titanic slime creature.
You impale the titanic slime creature!!
The titanic slime creature is heavily wounded.
MP restored: 23 You sock the titanic slime creature!
The titanic slime creature is severely wounded.
You block the titanic slime creature's attack.
You bludgeon the titanic slime creature!!
The titanic slime creature is severely wounded.
The titanic slime creature hits you!!!
You take 42 damage, and have 51/96 hp.
MASSIVE DAMAGE!!
You now have 12/23 mp.
You puncture the titanic slime creature!
The titanic slime creature is almost dead.
You block the titanic slime creature's attack.
You hit the titanic slime creature.
The titanic slime creature is almost dead.
You hit the titanic slime creature.
The titanic slime creature is almost dead.
You block the titanic slime creature's attack.
Press: ? - help, v - describe, . - travel
Here: a titanic slime creature (almost dead)
The floor.
You puncture the titanic slime creature!
The titanic slime creature is almost dead.
You block the titanic slime creature's attack.
An ogre comes into view. It is wielding a giant club.
You thump the titanic slime creature!
The titanic slime creature is almost dead.
You block the titanic slime creature's attack.
You hit the titanic slime creature.
The titanic slime creature is almost dead.
The titanic slime creature hits you!!!
Ouch! That really hurt!
You die...

..........██..█
.............██
..........██.███ ██
.......█████...█ .█
..████. ████.█.██
.█ ...........█ >█
██ .█.......█ .████
.........██....█
██.......O@J{█
....██.█.███h......
.......█.█ █......
.....██.█ ......
.... .. ...>. ...
.. ..... ... .███
.█


You could see a titanic slime creature, an ogre and a howler monkey.

Vanquished Creatures
  Kirke (Lair:5)
  2 hydras
  2 two-headed ogres (D:11)
  8 death yaks (Lair:6)
  Urug (Lair:2)
  The ghost of Zebedee the Grappler, a novice TrBe of Trog (D:8)
  The ghost of buskinjo the Carver, a novice DrGl of Okawaru (D:4)
  3 ugly things (D:11)
  A centaur zombie (D:8)
  3 black mambas
  A rime drake (Lair:6)
  5 spiny frogs
  A kobold demonologist (D:11)
  9 komodo dragons
  The ghost of Paps the Shield-Bearer, an amateur MiFi (D:4)
  5 polar bears
  2 trolls
  5 hornets
  A queen bee (Lair:1)
  8 hippogriffs
  2 bog bodies (Lair:3)
  10 blink frogs
  3 dream sheep (Lair:6)
  13 spriggans (Lair:6)
  Sigmund (D:5)
  4 wraiths (D:10)
  2 basilisks
  30 yaks
  A wyvern (D:8)
  2 hogs (Lair:5)
  2 hungry ghosts
  13 water moccasins
  11 porcupines
  6 ice beasts
  3 phantoms
  3 sky beasts
  4 black bears (Lair:6)
  A necrophage (D:10)
  17 wolves (Lair:6)
  7 ogres
  4 boggarts (Lair:6)
  6 centaurs
  15 crocodiles
  3 big kobolds
  21 bullfrogs
  A wyvern zombie (D:11)
  A water moccasin zombie (D:11)
  5 scorpions
  25 killer bees
  A howler monkey (D:4)
  2 wights (D:10)
  5 electric eels
  A lava snake (D:9)
  2 crimson imps
  10 jellies
  A bullfrog zombie (D:10)
  2 human zombies (D:10)
  7 hounds
  2 centaur skeletons
  2 orc priests
  2 human skeletons (D:10)
  10 worker ants
  An orc wizard (D:9)
  A hound zombie (D:8)
  A hound skeleton (D:11)
  A worker ant zombie (D:8)
  A mummy (D:10)
  7 gnolls (D:3)
  8 adders
  A howler monkey skeleton (D:8)
  A shadow imp (D:10)
  A white imp (D:5)
  A howler monkey simulacrum (D:6)
  7 oozes
  An adder zombie (D:5)
  4 worms
  4 dart slugs
  10 leopard geckos
  19 orcs
  6 ball pythons
  14 giant cockroaches
  5 goblins
  6 hobgoblins
  6 jackals
  26 kobolds
  5 quokkas
  6 bats
  11 frilled lizards
  A giant cockroach simulacrum (D:6)
  A jackal zombie (D:2)
  A leopard gecko simulacrum (D:6)
  A leopard gecko zombie (D:5)
  A quokka skeleton (D:3)
  5 rats
  A fungus (D:11)
489 creatures vanquished.

Vanquished Creatures (others)
  2 kobolds (D:12)
  18 fungi
  4 plants
24 creatures vanquished.

Grand Total: 513 creatures vanquished

Notes
Turn   | Place    | Note
-------+----------+-------------------------------------------
     0 | D:1      | nixmar the Gargoyle Fighter began the quest for the Orb.
     0 | D:1      | Reached XP level 1. HP: 14/14 MP: 1/1
   129 | D:1      | Reached XP level 2. HP: 19/19 MP: 2/2
   856 | D:1      | Reached XP level 3. HP: 24/24 MP: 3/3
  1366 | D:2      | Found a radiant altar of Vehumet.
  1368 | D:2      | Found an iron altar of Okawaru.
  1377 | D:2      | Became a worshipper of Warmaster Okawaru
  1843 | D:3      | Reached skill level 3 in Maces & Flails
  1911 | D:3      | Reached XP level 4. HP: 30/30 MP: 4/4
  1954 | D:3      | Reached XP level 5. HP: 31/34 MP: 5/5
  2039 | D:3      | Reached skill level 5 in Fighting
  2151 | D:3      | Reached skill level 4 in Maces & Flails
  2744 | D:4      | Reached * piety under Okawaru
  2838 | D:4      | Reached XP level 6. HP: 40/40 MP: 6/6
  2906 | D:4      | Reached skill level 5 in Maces & Flails
  3011 | D:4      | Found a staircase to the Ecumenical Temple.
  3153 | D:4      | Noticed a phantom
  3197 | D:4      | Killed a phantom
  3197 | D:4      | Reached XP level 7. HP: 36/47 MP: 7/7
  3382 | D:4      | Noticed Paps's ghost (amateur MiFi)
  3383 | D:4      | Found a runed door.
  3608 | D:4      | Killed Paps's ghost
  3608 | D:4      | Reached skill level 6 in Maces & Flails
  3895 | D:5      | Entered Level 5 of the Dungeon
  3957 | D:5      | Found a glowing drain.
  3973 | Sewer    | Entered a sewer
  4014 | Sewer    | Reached XP level 8. HP: 51/53 MP: 8/8
  4029 | Sewer    | Reached ** piety under Okawaru
  4648 | D:5      | Found Quiw's Antique Armour Shop.
  4671 | D:5      | Noticed Sigmund
  4679 | D:5      | Killed Sigmund
  4679 | D:5      | Reached skill level 7 in Maces & Flails
  4700 | D:5      | Bought a runed shield for 225 gold pieces
  5543 | D:6      | Noticed buskinjo's ghost (novice DrGl)
  5565 | D:6      | Found a runed gate.
  5565 | D:6      | Found a runed gate.
  5565 | D:6      | Found a runed gate.
  5925 | D:4      | Killed buskinjo's ghost
  5925 | D:4      | Reached skill level 8 in Maces & Flails
  5925 | D:4      | Reached XP level 9. HP: 18/62 MP: 4/9
  6326 | D:6      | Reached skill level 10 in Fighting
  6366 | D:6      | Found a sparkling altar of Nemelex Xobeh.
  6605 | D:6      | Reached skill level 9 in Maces & Flails
  6661 | D:6      | Reached *** piety under Okawaru
  6974 | D:7      | Found a shadowy altar of Dithmenos.
  7357 | D:8      | Reached XP level 10. HP: 68/68 MP: 3/10
  7375 | D:8      | Found a stormy altar of Qazlal.
  7537 | D:8      | Reached **** piety under Okawaru
  7713 | D:8      | Found a large runed door.
  7713 | D:8      | Noticed Zebedee's ghost (novice TrBe)
  7714 | D:8      | Found a large runed door.
  7734 | D:8      | Killed Zebedee's ghost
  7734 | D:8      | Reached skill level 10 in Maces & Flails
  7734 | D:8      | Reached skill level 5 in Armour
  7734 | D:8      | Reached skill level 5 in Shields
  8861 | D:5      | Bought a pair of gloves for 135 gold pieces
  9383 | D:9      | Got a faintly glowing golden ring
  9623 | D:9      | Identified the ring "Oreatyij" {MR+ MP+9 Stlth+} (You found
                  | it on level 9 of the Dungeon)
  9659 | D:10     | Entered Level 10 of the Dungeon
  9754 | D:10     | Reached ***** piety under Okawaru
 10464 | D:10     | Reached XP level 11. HP: 67/76 MP: 5/11
 10515 | D:10     | Found an ancient bone altar of Kikubaaqudgha.
 10786 | D:11     | Found a staircase to the Lair.
 10786 | D:11     | Noticed a two-headed ogre
 10796 | D:11     | Killed a two-headed ogre
 10925 | D:11     | Received a gift from Okawaru
 10993 | D:11     | Noticed a green ugly thing
 10993 | D:11     | Noticed a purple ugly thing
 11009 | D:11     | Killed a green ugly thing
 11009 | D:11     | Reached skill level 11 in Maces & Flails
 11023 | D:11     | Killed a purple ugly thing
 11705 | D:11     | Noticed a green ugly thing
 11719 | D:11     | Killed a green ugly thing
 11899 | D:11     | Found a sparkling altar of Nemelex Xobeh.
 11986 | D:11     | Noticed a two-headed ogre
 11990 | D:11     | Received a gift from Okawaru
 11999 | D:11     | Killed a two-headed ogre
 12315 | Lair:1   | Entered Level 1 of the Lair of Beasts
 12377 | Lair:1   | Received a gift from Okawaru
 12607 | Lair:1   | Reached XP level 12. HP: 78/82 MP: 7/12
 12669 | Lair:1   | Reached skill level 12 in Maces & Flails
 13624 | Lair:2   | Noticed a four-headed hydra
 13632 | Lair:2   | Killed a four-headed hydra
 13632 | Lair:2   | Reached ****** piety under Okawaru
 13876 | Lair:2   | Noticed Urug
 13896 | Lair:2   | Killed Urug
 13913 | Lair:2   | Received a gift from Okawaru
 14398 | Lair:2   | Got a faintly humming ring mail
 14399 | Lair:2   | Identified the +0 ring mail of the Twelve Beds {rPois
                  | Dex+2} (You found it on level 2 of the Lair of Beasts)
 14832 | Lair:3   | Reached skill level 13 in Maces & Flails
 15156 | Lair:3   | Found a staircase to the Swamp.
 15426 | Lair:3   | Reached XP level 13. HP: 82/88 MP: 13/13
 16086 | Lair:4   | Got a shimmering halberd
 16152 | Lair:4   | Found a hole to the Spider Nest.
 16566 | Lair:4   | Received a gift from Okawaru
 16782 | Lair:5   | Noticed Kirke
 16796 | Lair:5   | Noticed a sphinx
 16798 | Lair:5   | Killed Kirke
 16798 | Lair:5   | Reached skill level 10 in Armour
 16884 | Lair:5   | Reached skill level 10 in Shields
 16885 | Lair:5   | Identified the +1 halberd of Oenomania {freeze, rPois MR-
                  | Dex+5 Stlth+} (You found it on level 4 of the Lair of
                  | Beasts)
 17175 | Lair:5   | Found a staircase to the Slime Pits.
 17374 | Lair:6   | Entered Level 6 of the Lair of Beasts
 17426 | Lair:6   | Received a gift from Okawaru
 17448 | Lair:6   | Reached skill level 14 in Maces & Flails
 18051 | Lair:6   | Received a gift from Okawaru
 18186 | Lair:6   | Gained mutation: Your large and strong wings let you fly
                  | indefinitely. [Gargoyle growth]
 18186 | Lair:6   | Reached XP level 14. HP: 80/96 MP: 14/14
 19471 | D:12     | Reached skill level 15 in Maces & Flails
 19519 | D:12     | Found a staircase to the Orcish Mines.
 19540 | D:12     | Mangled by a titanic slime creature

Skill      XL: |  1  2  3  4  5  6  7  8  9 10 11 12 13 14 |
---------------+-------------------------------------------+-----
Fighting       | 4 5 6 7 9 10 11 12 13 14 | 14.4
Maces & Flails | 3 4 5 6 8 9 10 11 13 14 15 | 15.0
Armour         | 4 6 8 9 10 11 | 11.2
Shields        | 4 6 8 9 10 11 | 11.2

Action                   |  1- 3 |  4- 6 |  7- 9 | 10-12 | 13-15 || total
-------------------------+-------+-------+-------+-------+-------++-------
Melee: Flail             |   126 |   172 |   368 |       |       ||   666
       Morningstar       |       |       |    55 |   834 |   577 ||  1466
Throw: Javelin           |       |       |       |     6 |    13 ||    19
Invok: Heroism           |       |       |     5 |     5 |     1 ||    11
Evoke: Wand              |       |       |     2 |    36 |     2 ||    40
  Use: Scroll            |    10 |     4 |     9 |    11 |     7 ||    41
       Potion            |     5 |     2 |     1 |     1 |       ||     9
  Eat: Chunk             |     3 |    28 |     6 |    13 |     8 ||    58
       Ration            |       |       |     2 |     4 |     1 ||     7
Armor: Scale mail        |    58 |    56 |       |       |       ||   114
       Chain mail        |       |       |   156 |   292 |     1 ||   449
       Skin              |       |       |     6 |       |       ||     6
       Plate armour      |       |       |       |       |   259 ||   259
Dodge: Dodged            |    55 |    65 |   111 |    86 |    60 ||   377
       Deflected         |       |       |       |     2 |     5 ||     7
Block: Shield            |    65 |    95 |   164 |       |       ||   324
       Large shield      |       |       |    54 |   723 |   643 ||  1420

Vault maps used:
D:1:      lightli_arrival_statuegarden
D:2:      chequers_temple_overflow_statue_of_worship, first_ration,
          guppyfry_early_lair_pool
D:3:      nrook_mini_vaults
D:4:      minmay_temple_entry_glassed_door, gammafunk_ghost_grave
D:5:      portal_sewer_entry_f, serial_shops, kennysheep_mini_moat, uniq_sigmund
D:6:      gammafunk_ghost_icy, nemelex_lonely_heart_becter
D:7:      kennysheep_little_box
D:8:      old_standard_altar, ebering_ghost_disaster_area
D:9:      lemuel_flame_loot_2, hangedman_little_slice_of_home
D:10:     lemuel_mausoleum_altar_kikubaaqudgha
D:11:     due_lair_maze_entry_diamond, nemelex_diamond_rough_becter
D:12:     orc_0_dummy, lightli_wizard_tower, uniq_erolcha
Lair:1:   special_room
Lair:2:   infiniplex_staircase_pool_2, uniq_urug
Lair:3:   nicolae_swamp_entry_splash_gauntlet, bh_chokoban,
          serial_bayou_lagoon_a, beast_lair_carwin_1
Lair:4:   nicolae_spider_entry_non_spiders, serial_bayou_shore_b,
          serial_bayou_shore_a
Lair:5:   nicolae_slime_entry_slimehenge, uniq_kirke
Lair:6:   minmay_lair_end_enchanted_forest, grunt_megastairs_4
Sewer:    sewer_frog_island_01
